 Dungeon Crawl Stone Soup version 0.26.1-2-gb8aa6d0cf2 (webtiles) character file.

Game seed: 10062624914135695347

149 Gadfly the Chopper (level 5, -1/48 HPs)
             Began as a Palentonga Berserker on Feb 27, 2021.
             Was a Priest of Trog.
             Slain by a gnoll
             ... wielding a +0 spear
              (4 damage)
             ... on level 3 of the Dungeon.
             The game lasted 00:05:50 (4008 turns).

Gadfly the Chopper (Palentonga Berserker)           Turns: 4008, Time: 00:05:50

Health: -1/48      AC:  8    Str: 18    XL:     5   Next: 9%
Magic:  5/5        EV:  5    Int:  8    God:    Trog [***...]
Gold:   67         SH:  0    Dex: 10    Spells: 4/4 levels left

rFire    . . .     SeeInvis +   a - +0 hand axe
rCold    . . .     Faith    +   (no shield)
rNeg     . . .     Spirit   .   g - +1 chain mail
rPois    .         Reflect  .   (no helmet)
rElec    .         Harm     .   (no cloak)
rCorr    .         Rampage  .   (no gloves)
Will     .....                  (no barding)
Stlth    ..........             d - amulet of faith
HPRegen  0.16/turn              (no ring)
MPRegen  0.09/turn              (no ring)

@: no status effects
A: large, rugged brown scales 3, see invisible, deformed body, mutation
resistance 1, weak 1, roll 1, armoured tail
a: Rolling Charge, Renounce Religion, Berserk, Trog's Hand


You were on level 3 of the Dungeon.
You worshipped Trog.
Trog was most pleased with you.
You visited 1 branch of the dungeon, and saw 3 of its levels.

You collected 67 gold pieces.

Inventory:

Hand Weapons
 a - a +0 hand axe (weapon)
Armour
 g - a +1 chain mail (worn)
Jewellery
 d - an amulet of faith (around neck)
Wands
 b - a wand of acid (9)
 c - a wand of iceblast (8)


   Skills:
 + Level 3.5 Fighting
 * Level 4.0 Axes
 * Level 2.5 Armour
 - Level 1.5 Dodging
 - Level 0.2 Shields
 * Level 2.1 Evocations


You had 4 spell levels left.
You didn't know any spells.
Your spell library was empty.

Dungeon Overview and Level Annotations

Branches:
Dungeon (3/15)

Altars:


Innate Abilities, Weirdness & Mutations

You are completely covered in rugged brown scales. (AC +3, +7% HP)
You have supernaturally acute eyesight. (SInv)
Armour fits poorly on your strangely shaped body.
You can roll at nearby foes to attack.
You have a long armoured tail.
You are somewhat resistant to further mutation.
You are weak. (Str -2)


Message History

Trog accepts your kill. The gnoll hits you but does no damage.
A goblin comes into view. It is wielding a +0 club.
The gnoll hits you but does no damage.
Things that are here:
a +0 hunting sling; 11 sling bullets; a hobgoblin corpse You hit the gnoll but do no damage.
You tail-slap the gnoll.
The gnoll is lightly wounded.
The gnoll hits you but does no damage.
You closely miss the gnoll.
Your tail-slap misses the gnoll.
The gnoll is lightly wounded.
The gnoll hits you with a +0 spear.
* * * LOW HITPOINT WARNING * * *
You closely miss the gnoll.
The gnoll is lightly wounded.
The gnoll hits you but does no damage.
You hit the gnoll.
The gnoll is heavily wounded.
The gnoll hits you with a +0 spear.
You die...

########## ########
...#.....## ##(.....#
)..'......###...)...#
####...)...#(.(()...##+#
[...)......#..(........#
....)......(.(.()......#
.....)....(#(..!@gg?...#
####.).....#.)......##'#
.))(......###.......#
...#.....## ##......#
########## ######## ≈≈
≈≈ ≈≈ ≈≈


You could see a gnoll and a goblin.

Vanquished Creatures
  Ijyb (D:3)
  3 adders (D:2)
  2 worms
  2 dart slugs
  A leopard gecko (D:3)
  An orc (D:3)
  10 bats
  5 giant cockroaches
  23 goblins
  10 hobgoblins
  8 kobolds
  A quokka (D:3)
  A ball python (D:1)
  3 frilled lizards
  9 rats
80 creatures vanquished.

Vanquished Creatures (others)
  39 plants (D:2)
39 creatures vanquished.

Grand Total: 119 creatures vanquished

Notes
Turn   | Place    | Note
-------+----------+-------------------------------------------
     0 | D:1      | Gadfly the Palentonga Berserker began the quest for the
                  | Orb.
     0 | D:1      | Reached XP level 1. HP: 20/20 MP: 1/1
   342 | D:1      | Reached XP level 2. HP: 27/27 MP: 2/2
   730 | D:1      | Reached skill level 1 in Evocations
  1005 | D:2      | Reached XP level 3. HP: 22/33 MP: 3/3
  1013 | D:2      | Reached ** piety under Trog
  2134 | D:2      | Reached XP level 4. HP: 38/40 MP: 4/4
  2520 | D:3      | Noticed Ijyb
  2556 | D:3      | Killed Ijyb
  3075 | D:1      | HP: 2/40 [poisoned by a kobold]
  3394 | D:2      | Gained mutation: You are weak. (Str -2) [potion of
                  | mutation]
  3394 | D:2      | Gained mutation: You are somewhat resistant to further
                  | mutation. [potion of mutation]
  3907 | D:3      | Reached skill level 4 in Axes
  3935 | D:3      | Reached *** piety under Trog
  3948 | D:3      | Reached XP level 5. HP: 48/48 MP: 5/5
  4006 | D:3      | HP: 2/48 [gnoll/+0 spear (3)]
  4008 | D:3      | Slain by a gnoll

Illustrated notes

Levels and vault maps discovered:
D:1:      wander_arrival_fairy_ring, layout_basic
D:2:      wad_woods_pond, layout_loops_cross, minmay_misc_feat_diagonals,
          hangedman_decor_points
D:3:      minmay_goblin_kobold_castle, layout_loops_ring, st_stairs_11,
          uniq_ijyb

Skill      XL: |  1  2  3  4 |
---------------+-------------+-----
Evocations     | 1 2 |  2.1
Armour         | 2 |  2.5
Axes           | 4 |  4.0
Fighting       | |  3.5
Dodging        | |  1.5
Shields        | |  0.2

Action                   |  1- 3 |  4- 6 || total
-------------------------+-------+-------++-------
Melee: Hand axe          |   115 |   153 ||   268
       Tailslap          |    12 |    20 ||    32
 Abil: Rolling Charge    |    20 |     6 ||    26
  Use: Scroll            |     2 |     2 ||     4
       Potion            |     3 |     4 ||     7
Armor: Animal skin       |     7 |       ||     7
       Chain mail        |    54 |   151 ||   205
Dodge: Dodged            |    31 |    58 ||    89
